 Dungeon Sprint DCSS version 0.27.1-33-g824d729ab1 (webtiles) character file.

Game seed: 4415292968102428134

9082 Adenis the Warrior (level 11, 0/175 HPs)
             Began as a Minotaur Berserker on Dec 6, 2021.
             Was the Champion of Trog.
             Slain by a 12-headed hydra (2 damage)
             ... while paralysed by a floating eye
             ... in the Dungeon (Sprint I: "Red Sonja").
             The game lasted 00:10:48 (4441 turns).

Adenis the Warrior (Minotaur Berserker)             Turns: 4441, Time: 00:10:49

Health: 0/175      AC: 16    Str: 24    XL:     11   Next: 18%
Magic:  3/3        EV:  2    Int:  4    God:    Trog [******]
Gold:   1200       SH:  0    Dex: 11    Spells: 10/10 levels left

rFire    . . .     SeeInvis .   h - +4 executioner's axe (antimagic)
rCold    . . .     Faith    .   (shield currently unavailable)
rNeg     . . .     Spirit   .   j - +0 chain mail
rPois    .         Reflect  .   (helmet restricted)
rElec    .         Harm     .   l - scarf {repulsion}
rCorr    .         Rampage  .   n - +1 pair of gloves
Will     .....     NoTele   +   (no boots)
Stlth    ..........             (no amulet)
HPRegen  0.39/turn              (no ring)
MPRegen  0.08/turn              (no ring)

@: paralysed, berserking, repel missiles
A: horns 2, retaliatory headbutt
a: Renounce Religion, Berserk, Trog's Hand, Brothers in Arms


You were in the Dungeon.
You worshipped Trog.
Trog was exalted by your worship.
You visited 1 branch You collected 1598 gold pieces.
You spent 398 gold pieces at shops.

Inventory:

Hand Weapons
 a - a +0 hand axe
 d - a +4 antimagic quarterstaff
 h - a +4 antimagic executioner's axe (weapon)
 i - a +4 vorpal glaive
Armour
 j - a +0 chain mail (worn)
 l - a scarf of repulsion (worn)
 n - a +1 pair of gloves (worn)
Magical Staves
 m - a staff of conjuration
Scrolls
 k - 2 scrolls of identify {unknown}
Potions
 b - 2 potions of attraction {unknown}
 c - 3 potions of curing
 e - a potion of haste
 f - 2 potions of magic
 g - a potion of berserk rage
 o - a potion of degeneration {unknown}
Miscellaneous
 p - a tin of tremorstones (2/2)
 q - a box of beasts


   Skills:
 + Level 17.4 Fighting
 + Level 17.3(18.0) Axes
 + Level 8.6(14.0) Polearms
 + Level 14.7 Armour
 + Level 10.1 Dodging
 + Level 3.0 Stealth


You had 10 spell levels left.
You didn't know any spells.
Your spell library contained the following spells:

 Spells                   Type           Power      Damage    Failure   Level
 Magic Dart               Conj           0%         1d3       94%         1
 Call Imp                 Summ           0%         N/A       98%         2
 Mephitic Cloud           Conj/Pois/Air  0%         N/A       100%        3


Dungeon Overview and Level Annotations

Branches:
Dungeon (1/1)

Altars:
Cheibriados
Dithmenos
Elyvilon
Fedhas
Gozag
Hepliaklqana
Kikubaaqudgha
Makhleb
Nemelex Xobeh
Okawaru
Qazlal
Ru
Sif Muna
Trog
Uskayaw
Vehumet
Wu Jian
Xom
Yredelemnul
Zin
The Shining One
Jiyva
Lugonu

Shops:
D *[*(::[[?(*([*[[(


Innate Abilities, Weirdness & Mutations

You have a pair of horns on your head.
You reflexively headbutt those who attack you in melee.


Message History

The floating eye gazes piercingly through you!
You suddenly lose the ability to move!
The 12-headed hydra bites you but does no damage. x2
The 12-headed hydra bites you! The 12-headed hydra bites you. x2
The 12-headed hydra bites you but does no damage. x2
The 12-headed hydra bites you.
The 12-headed hydra bites you but does no damage.
The 12-headed hydra bites you. x2
The 12-headed hydra bites you but does no damage.
The 12-headed hydra bites you but does no damage.
The 12-headed hydra barely misses you.
The 12-headed hydra bites you but does no damage. x3
The 12-headed hydra completely misses you.
The 12-headed hydra bites you! The 12-headed hydra bites you. x3
The 12-headed hydra bites you but does no damage. x2
The 12-headed hydra bites you! x2
* * * LOW HITPOINT WARNING * * *
The 12-headed hydra bites you!
* * * LOW HITPOINT WARNING * * *
The 12-headed hydra completely misses you.
The 12-headed hydra bites you but does no damage. x2
The 12-headed hydra bites you!
* * * LOW HITPOINT WARNING * * *
The 12-headed hydra bites you!
* * * LOW HITPOINT WARNING * * *
The 12-headed hydra bites you but does no damage.
The 12-headed hydra bites you.
* * * LOW HITPOINT WARNING * * *
The 12-headed hydra bites you but does no damage. x2
The 12-headed hydra bites you but does no damage. x2
The 12-headed hydra bites you!
* * * LOW HITPOINT WARNING * * *
The 12-headed hydra bites you but does no damage.
The 12-headed hydra bites you!
* * * LOW HITPOINT WARNING * * *
The 12-headed hydra bites you.
* * * LOW HITPOINT WARNING * * *
The 12-headed hydra bites you but does no damage.
The 12-headed hydra bites you.
You die...

#####################************
..#..#§§§)§§§§§§@DG$#^^+,,,,*,,,,
..##'#§####§§§§§##$.+^^*,,,,**,,,
..'..#.#,*##§.§##**##*+*,,,,,****
###..§.#+*,###+#,,,**,,*,,,,,*,,,
§##+####^,,*,*,**,,,*,,**,,,,*,∩,
§#,^,,,*,,,***,,***,*,,≈***+**,,,
.#^,^,^+,,,,,**,*,*,*,,≈,,*,****+
'###^,,*^,,,,*,,***,*,,≈,**+*,^,,
.'.#,,,***++**,**,,,*,,≈**^,,^,,,


You could see a 12-headed hydra and a floating eye.

Vanquished Creatures
  2 centaur warriors (D)
  Sonja (D)
  A deep troll (D)
  A lindwurm (D)
  An oklob plant (D)
  2 unseen horrors (D)
  2 kobold demonologists (D)
  4 demonic crawlers (D)
  A slime creature (D)
  A hornet (D)
  Sigmund (D)
  2 redbacks (D)
  A yak (D)
  13 hogs (D)
  2 floating eyes (D)
  7 necrophages (D)
  An ogre (D)
  8 jellies (D)
  Ijyb (D)
52 creatures vanquished.

Vanquished Creatures (others)
  2 ballistomycete spores (D)
2 creatures vanquished.

Grand Total: 54 creatures vanquished

Notes
Turn   | Place    | Note
-------+----------+-------------------------------------------
     0 | D        | Adenis the Minotaur Berserker began the quest for the Orb.
     0 | D        | Reached XP level 1. HP: 19/19 MP: 0/0
     2 | D        | Noticed Ijyb
     8 | D        | Killed Ijyb
     9 | D        | Reached skill level 5 in Fighting
     9 | D        | Reached skill level 5 in Axes
     9 | D        | Reached XP level 2. HP: 29/29 MP: 1/1
    57 | D        | Noticed an ogre
    63 | D        | Killed an ogre
    64 | D        | Reached XP level 3. HP: 39/39 MP: 2/2
    64 | D        | Reached XP level 4. HP: 47/47 MP: 3/3
   111 | D        | Noticed Sigmund
   119 | D        | Killed Sigmund
   119 | D        | Reached ** piety under Trog
   120 | D        | Reached skill level 10 in Axes
   120 | D        | Reached skill level 5 in Armour
   120 | D        | Reached skill level 5 in Dodging
   120 | D        | Reached XP level 5. HP: 33/58 MP: 4/4
   120 | D        | Reached XP level 6. HP: 37/66 MP: 5/5
   499 | D        | Found an ornate altar of the Wu Jian Council.
   499 | D        | Found a shimmering blue altar of Sif Muna.
   501 | D        | Found a radiant altar of Vehumet.
   529 | D        | Found Waafotim's Antique Armour Emporium.
   529 | D        | Found an ancient bone altar of Kikubaaqudgha.
   529 | D        | Found a hazy altar of Hepliaklqana.
   529 | D        | Found a stormy altar of Qazlal.
   529 | D        | Found a hide-covered altar of Uskayaw.
   529 | D        | Found a blossoming altar of Fedhas.
   529 | D        | Found a bloodstained altar of Trog.
   529 | D        | Found an iron altar of Okawaru.
   529 | D        | Found a basalt altar of Yredelemnul.
   529 | D        | Found a glowing golden altar of the Shining One.
   529 | D        | Found a snail-covered altar of Cheibriados.
   529 | D        | Found a sacrificial altar of Ru.
   529 | D        | Found a glowing silver altar of Zin.
   529 | D        | Found a shadowy altar of Dithmenos.
   529 | D        | Found a white marble altar of Elyvilon.
   529 | D        | Noticed a yak
   533 | D        | Killed a yak
   534 | D        | Reached skill level 10 in Fighting
   534 | D        | Found an opulent altar of Gozag.
   535 | D        | Found a sparkling altar of Nemelex Xobeh.
   780 | D        | Found a burning altar of Makhleb.
   780 | D        | Found a viscous altar of Jiyva.
   780 | D        | Found a shimmering altar of Xom.
   780 | D        | Found a corrupted altar of Lugonu.
   780 | D        | Noticed a slime creature
   787 | D        | Killed a slime creature
   787 | D        | Reached *** piety under Trog
   788 | D        | Reached skill level 1 in Stealth
   788 | D        | Reached XP level 7. HP: 74/74 MP: 6/6
   871 | D        | Noticed a centaur warrior
   873 | D        | Noticed a centaur warrior
   897 | D        | Noticed a deep troll
   901 | D        | Killed a deep troll
   902 | D        | Reached XP level 8. HP: 85/85 MP: 7/7
   919 | D        | Found Decoaq's Armour Emporium.
   926 | D        | Bought a scarf of repulsion for 156 gold pieces
   926 | D        | Bought a +0 cloak for 58 gold pieces
   926 | D        | Bought a +1 pair of gloves for 149 gold pieces
  1196 | D        | Killed a centaur warrior
  1211 | D        | Killed a centaur warrior
  1212 | D        | Reached skill level 15 in Axes
  1212 | D        | Reached XP level 9. HP: 35/96 MP: 8/8
  1819 | D        | Noticed an oklob plant
  1827 | D        | Killed an oklob plant
  1827 | D        | Reached **** piety under Trog
  1828 | D        | Reached skill level 15 in Fighting
  1828 | D        | Reached skill level 10 in Armour
  2075 | D        | Noticed a kobold demonologist
  2075 | D        | Noticed a kobold demonologist
  2077 | D        | Paralysed by a floating eye for 4 turns
  2085 | D        | Killed a kobold demonologist
  2088 | D        | Killed a kobold demonologist
  2088 | D        | Reached ***** piety under Trog
  2753 | D        | Noticed a demonic crawler
  2753 | D        | Noticed a demonic crawler
  2753 | D        | Noticed a demonic crawler
  2753 | D        | Noticed a demonic crawler
  2758 | D        | Killed a demonic crawler
  2765 | D        | Killed a demonic crawler
  2765 | D        | Received a gift from Trog
  2766 | D        | Reached XP level 10. HP: 107/107 MP: 9/9
  2861 | D        | Noticed a lindwurm
  2865 | D        | Killed a lindwurm
  3036 | D        | Noticed Sonja
  3047 | D        | Killed Sonja
  3048 | D        | Reached skill level 1 in Polearms
  3267 | D        | Found Tuclemif's General Store.
  3917 | D        | Received a gift from Trog
  3918 | D        | Reached skill level 10 in Dodging
  3927 | D        | Reached ****** piety under Trog
  3942 | D        | Received a gift from Trog
  3944 | D        | Reached skill level 5 in Polearms
  3985 | D        | Found Libboa Wess's Weapon Shoppe.
  3985 | D        | Found Koxuwas's General Store.
  3985 | D        | Found Kyvozi's Book Boutique.
  3987 | D        | Found Fodofo Yping's Book Emporium.
  3987 | D        | Found Bafoi's Armour Shop.
  3987 | D        | Found Geaxehul's Antique Armour Shoppe.
  3987 | D        | Found Setanoco's Magic Scroll Boutique.
  3987 | D        | Found Ejou's Weapon Emporium.
  3987 | D        | Found Zaujooh's General Store.
  3987 | D        | Found Ivat's Weapon Shoppe.
  3991 | D        | Found Fusho's Antique Armour Boutique.
  3992 | D        | Found Gubb's Armour Emporium.
  3992 | D        | Found Weyl Watt's General Store.
  3993 | D        | Found Odapn's Weapon Emporium.
  3995 | D        | Bought a scroll of magic mapping for 35 gold pieces
  4080 | D        | Reached XP level 11. HP: 101/117 MP: 3/10
  4091 | D        | Received a gift from Trog
  4108 | D        | Received a gift from Trog
  4435 | D        | Noticed a 12-headed hydra
  4437 | D        | Paralysed by a floating eye for 4 turns
  4441 | D        | HP: 6/175 [12-headed hydra (8)]
  4441 | D        | HP: 2/175 [12-headed hydra (4)]
  4441 | D        | Slain by a 12-headed hydra

Illustrated notes

Levels and vault maps discovered:
D:        dungeon_sprint_1 [red_sonja_temple_1, red_sonja_temple_small_1]

Skill      XL: |  1  2  3  4  5  6  7  8  9 10 11 |
---------------+----------------------------------+-----
Fighting       | 5 7 9 11 12 14 15 17 | 17.4
Axes           | 5 8 10 12 13 15 16 17 | 17.3
Armour         | 3 4 5 6 7 9 11 14 | 14.7
Dodging        | 3 4 5 6 7 8 9 10 | 10.1
Stealth        | 1 2 3 |  3.0
Polearms       | 6 8 |  8.6

Action                   |  1- 3 |  4- 6 |  7- 9 | 10-12 || total
-------------------------+-------+-------+-------+-------++-------
Melee: Hand axe          |    10 |    17 |    49 |     9 ||    85
       Headbutt          |     1 |     5 |    20 |    20 ||    46
       Glaive            |       |       |       |    57 ||    57
       Executioner's axe |       |       |       |    38 ||    38
Invok: Berserk           |     2 |     3 |     5 |     6 ||    16
  Use: Scroll            |       |       |       |     2 ||     2
       Potion            |       |       |       |     1 ||     1
Armor: Ring mail         |       |     1 |       |       ||     1
       Chain mail        |       |       |    31 |   149 ||   180
Dodge: Dodged            |     2 |     6 |    29 |    86 ||   123
       Repelled          |       |       |     1 |       ||     1
